 Dungeon Crawl Stone Soup version 0.25.0-26-g0c896c7088 (webtiles) character file.

Game seed: 12369783724908031393

63 Revguard the Charmwright (level 4, -7/45 HPs)
             Began as an Ogre Skald on July 5, 2020.
             Mangled by a gnoll
             ... wielding a cursed -1 flail
              (9 damage)
             ... on level 2 of the Dungeon.
             The game lasted 00:09:02 (1591 turns).

Revguard the Charmwright (Ogre Skald)               Turns: 1591, Time: 00:09:03

Health: -7/45      AC:  3    Str: 15    XL:     4   Next: 9%
Magic:  1/8        EV: 10    Int: 15    God:
Gold:   23         SH:  0    Dex:  8    Spells: 3/8 levels left

rFire    . . .     SeeInvis .   a - +0 mace
rCold    . . .     Gourm    .   (no shield)
rNeg     . . .     Faith    .   b - +0 robe
rPois    .         Spirit   .   (helmet restricted)
rElec    .         Reflect  .   (no cloak)
rCorr    .         Harm     .   (gloves unavailable)
MR       .....                  (boots unavailable)
Stlth    +.........             (no amulet)
HPRegen  0.15/turn              (no ring)
MPRegen  0.11/turn              (no ring)

@: singing, very slightly contaminated
A: large, unfitting armour, tough skin 1
a: no special abilities


You were on level 2 of the Dungeon.
You were very hungry.

You visited 1 branch of the dungeon, and saw 2 of its levels.

You collected 23 gold pieces.

Inventory:

Hand Weapons
 a - a +0 mace (weapon)
Armour
 b - a +0 robe (worn)
Scrolls
 c - 3 scrolls of enchant armour {unknown}
 e - a scroll of remove curse {unknown}
 f - a scroll of identify {unknown}
Potions
 h - a potion of cancellation {unknown}
Comestibles
 d - a ration


   Skills:
 + Level 3.0 Fighting
 + Level 2.5 Maces & Flails
 + Level 2.5 Dodging
 + Level 0.4 Stealth
 + Level 2.8 Spellcasting
 + Level 3.0 Charms
 * Level 0.6 Translocations


You had 3 spell levels left.
You knew the following spells:

 Your Spells              Type           Power        Failure   Level  Hunger
a - Infusion              Chrm           ##..         6%          1    #......
b - Song of Slaying       Chrm           ##......     9%          2    ##.....
c - Shroud of Golubria    Chrm/Tloc      #.....       14%         2    ##.....

Your spell library contained the following spells:

 Spells                   Type           Power        Failure   Level  Hunger
 Ozocubu's Armour         Chrm/Ice       #.......     32%         3    ###....
 Spectral Weapon          Hex/Chrm       #.......     32%         3    ###....


Dungeon Overview and Level Annotations

Branches:
Dungeon (2/15)

Altars:


Innate Abilities, Weirdness & Mutations

You are too large for most types of armour.
You have tough skin. (AC +1)


Message History

You closely miss the frilled lizard. The gnoll barely misses you.
The frilled lizard bites you but does no damage.
The gnoll closely misses you. x2; The gnoll hits you with a +0 club.
You sock the frilled lizard!
You kill the frilled lizard!
The gnoll hits you with a +0 club. The gnoll hits you. The gnoll misses you.
The gnoll hits you with a +0 club!
* * * LOW HITPOINT WARNING * * *
The gnoll misses you.
You closely miss the gnoll. The gnoll barely misses you. x2
The gnoll hits you with a +0 club.
* * * LOW HITPOINT WARNING * * *
The gnoll misses you.
You hit the gnoll.
The gnoll is moderately wounded.
You are feeling very hungry.
The gnoll hits you.
* * * LOW HITPOINT WARNING * * *
The gnoll hits you with a cursed -1 flail!
You die...

#.###..####.
#.#...............##....
#.#..#.######...........
.....#.# #...........
#.##.#.######...........
#.#..#.##.......!.......
#.#.##.##.# #...........
#.#.##.##.###..g.g......
#.#.##.........g@g.....#
#.#รท#####[####..........
#.#.........#.###....^..
#........>..............
########.............#..
#####.........# #
'.........# ##..........
....


You could see 4 gnolls.

Vanquished Creatures
  A hound (D:2)
  2 dart slugs (D:1)
  A leopard gecko (D:1)
  A ball python (D:1)
  A giant cockroach (D:1)
  5 hobgoblins (D:1)
  5 kobolds
  3 bats (D:1)
  4 frilled lizards
  2 goblins (D:1)
  8 rats
33 creatures vanquished.

Notes
Turn   | Place    | Note
-------+----------+-------------------------------------------
     0 | D:1      | Revguard the Ogre Skald began the quest for the Orb.
     0 | D:1      | Reached XP level 1. HP: 22/22 MP: 3/3
    65 | D:1      | Reached XP level 2. HP: 20/29 MP: 0/5
    75 | D:1      | Learned a level 2 spell: Song of Slaying
    78 | D:1      | Learned a level 2 spell: Shroud of Golubria
   792 | D:1      | Reached XP level 3. HP: 25/36 MP: 5/7
  1318 | D:2      | Reached XP level 4. HP: 8/45 MP: 1/8
  1591 | D:2      | HP: 2/45 [gnoll (1)]
  1591 | D:2      | Mangled by a gnoll

Illustrated notes

Levels and vault maps discovered:
D:1:      lightli_arrival_flooded_house, layout_basic, serial_park_tiny_2,
          minmay_3d_cube
D:2:      layout_basic, first_ration

Skill      XL: |  1  2  3 |
---------------+----------+-----
Maces & Flails | 2 |  2.5
Charms         | 3 |  3.0
Fighting       | 3 |  3.0
Dodging        | |  2.5
Stealth        | |  0.4
Spellcasting   | |  2.8
Translocations | |  0.6

Action                   |  1- 3 |  4- 6 || total
-------------------------+-------+-------++-------
Melee: Mace              |    89 |    13 ||   102
 Cast: Infusion          |     3 |       ||     3
       Song of Slaying   |     4 |     1 ||     5
       Shroud of Golubri |     3 |     2 ||     5
  Use: Potion            |       |     1 ||     1
  Eat: Chunk             |     1 |     1 ||     2
Armor: Robe              |    32 |     8 ||    40
Dodge: Dodged            |    55 |    17 ||    72
